 Dungeon Crawl Stone Soup version 0.25-a0-663-gace7076f2c (webtiles) character file.

Game seed: 5175582169238619151, levelgen mode: deterministic

91380 mopl the Convoker (level 15, -20/121 HPs)
             Began as a Green Draconian Summoner on Mar 20, 2020.
             Was a High Priest of Sif Muna.
             Demolished by a five-headed hydra simulacrum (30 damage)
             ... in an ice cave on Mar 25, 2020.
             The game lasted 01:50:29 (28255 turns).

mopl the Convoker (Green Draconian Summoner)       Turns: 28255, Time: 01:50:30

Health: -20/121    AC: 16    Str: 10    XL:     15   Next: 54%
Magic:  14/50      EV: 16    Int: 29    God:    Sif Muna [*****.]
Gold:   2111       SH:  0    Dex: 13    Spells: 0/38 levels left

rFire    . . .     SeeInvis .   Q - +8 halberd "Orb Guardian's Regret" {speed, *Noise +Rage Int+3}
rCold    . . .     Gourm    .   (shield currently unavailable)
rNeg     . . .     Faith    .   (armour unavailable)
rPois    +         Spirit   .   T - +3 hat of Pondering {ponderous, MR+ MP+10 Int+5}
rElec    .         Reflect  .   O - +1 cloak
rCorr    .         Harm     .   X - +0 pair of gloves
MR       +++..                  p - +0 pair of boots
Stlth    ++........             n - amulet of regeneration
HPRegen  0.70/turn              Y - ring of protection from magic
MPRegen  0.32/turn              G - ring of magical power

@: very slightly contaminated, slowed, very slow
A: breathe noxious fumes, unfitting armour, stinger 1, poison resistance,
cold-blooded, AC +9
a: Breathe Noxious Fumes, Channel Magic, Forget Spell, Divine Exegesis, Renounce
Religion, Evoke Berserk Rage


You were in an ice cave.
You worshipped Sif Muna.
Sif Muna was extremely pleased with you.
You were not hungry.

You visited 6 branches of the dungeon, and saw 27 of its levels.
You also visited: Ice Cave and Volcano.

You collected 3021 gold pieces.
You spent 910 gold pieces at shops.

Inventory:

Hand Weapons
 Q - the +8 halberd "Orb Guardian's Regret" (weapon) {speed, *Noise +Rage Int+3}
   (You found it on level 9 of the Dungeon)

   Attacks with this weapon are significantly faster.
   It affects your intelligence (+3).
   It lets you go berserk.
   It may make noises in combat.
Missiles
 o - 134 poisoned darts (quivered)
 t - 7 atropa-tipped darts
 w - 3 throwing nets
 F - 10 curare-tipped darts
Armour
 p - a +0 pair of boots (worn)
 O - a +1 cloak (worn)
 T - the +3 hat of Pondering (worn) {ponderous, MR+ MP+10 Int+5}
   (You took it off Gastronok on level 10 of the Dungeon)

   It affects your intelligence (+5).
   It affects your resistance to hostile enchantments.
   It affects your magic capacity (+10).
 X - a +0 pair of gloves (worn)
Jewellery
 n - an amulet of regeneration (around neck)
 x - the ring of Sairywyf {+Fly rPois Int+4}
   (You found it on level 12 of the Dungeon)

   [ring of intelligence]

   It affects your intelligence (+4).
   It protects you from poison.
   It lets you fly.
 G - a ring of magical power (right hand)
 Y - a ring of protection from magic (left hand)
Wands
 a - a wand of acid (19)
 h - a wand of iceblast (14)
 j - a wand of flame (14)
 C - a wand of clouds (4)
 H - a wand of scattershot (6)
 N - a wand of disintegration (14)
 R - a wand of digging (16)
Scrolls
 b - a scroll of silence {!r}
 f - 5 scrolls of magic mapping
 i - 14 scrolls of remove curse
 k - 8 scrolls of teleportation
 y - 9 scrolls of fog
 z - 2 scrolls of identify
 B - 4 scrolls of fear
 E - 5 scrolls of immolation
 J - a scroll of vulnerability
 V - 2 scrolls of blinking
 Z - a scroll of summoning
Potions
 d - 3 potions of ambrosia
 e - a potion of cancellation
 g - 3 potions of might
 m - 5 potions of haste
 q - 10 potions of brilliance
 r - 2 potions of stabbing
 s - 19 potions of curing
 u - 6 potions of heal wounds
 v - 5 potions of flight
 A - 4 potions of berserk rage {!q}
 L - 5 potions of lignification {!q}
 M - 2 potions of magic
 W - a potion of invisibility
Miscellaneous
 D - a fan of gales
Comestibles
 c - 28 rations


   Skills:
 + Level 8.1 Fighting
 + Level 7.0 Dodging
 - Level 1.7 Stealth
   Level 4.0 Shields
 * Level 12.2 Spellcasting
 - Level 3.0 Hexes
 * Level 15.8 Summonings
 + Level 0.3 Necromancy
 + Level 7.5 Translocations
 - Level 4.0 Ice Magic
 + Level 7.5 Air Magic
 + Level 10.5 Invocations


You couldn't memorise any spells.
You knew the following spells:

 Your Spells              Type           Power        Failure   Level  Hunger
a - Airstrike             Air            ######....   1%          4    None
b - Call Imp              Summ           #######.     0%          2    None
c - Call Canine Familiar  Summ           #######.     0%          3    None
d - Summon Ice Beast      Ice/Summ       ######..     1%          4    None
e - Blink                 Tloc           N/A          1%          2    None
f - Summon Lightning Spi  Summ/Air       ######..     1%          4    None
g - Summon Guardian Gole  Hex/Summ       ######..     1%          3    None
h - Summon Hydra          Summ           #######...   3%          7    ######.
i - Monstrous Menagerie   Summ           #######...   3%          7    ######.
w - Sublimation of Blood  Necr           ###.......   4%          2    None

Your spell library contained the following spells:

 Spells                   Type           Power        Failure   Level  Hunger
 Summon Butterflies       Summ           #######.     0%          1    None
 Summon Small Mammal      Summ           ####         0%          1    None
 Apportation              Tloc           ######       1%          1    None
 Corona                   Hex            #####..      1%          1    None
 Freeze                   Ice            ####         1%          1    None
 Shock                    Conj/Air       ####         1%          1    None
 Corpse Rot               Necr/Air       N/A          1%          2    None
 Ensorcelled Hibernation  Hex/Ice        #####.       1%          2    None
 Poisonous Vapours        Pois/Air       #####.       1%          2    None
 Slow                     Hex            #####...     1%          2    None
 Swiftness                Chrm/Air       #####...     1%          2    None
 Frozen Ramparts          Ice            #####.       1%          3    None
 Gell's Gravitas          Tloc           ######....   1%          3    None
 Portal Projectile        Hex/Tloc       #####.       1%          3    None
 Recall                   Summ/Tloc      N/A          1%          3    None
 Static Discharge         Conj/Air       #####...     1%          3    None
 Passage of Golubria      Tloc           N/A          1%          4    None
 Summon Forest            Summ/Tloc      ######....   1%          5    ##.....
 Shadow Creatures         Summ           N/A          1%          6    ####...
 Confusing Touch          Hex            #####...     2%          3    None
 Tukima's Dance           Hex            #####...     2%          3    None
 Beastly Appendage        Tmut           ###...       3%          1    None
 Magic Dart               Conj           ###.         3%          1    None
 Sting                    Tmut/Pois      ###.         3%          1    None
 Mephitic Cloud           Conj/Pois/Air  ####....     3%          3    None
 Searing Ray              Conj           ###...       4%          2    None
 Sticks to Snakes         Tmut           ###.....     4%          2    None
 Dazzling Flash           Conj/Hex       ####..       4%          3    None
 Inner Flame              Hex/Fire       ####....     4%          3    None
 Ozocubu's Armour         Chrm/Ice       ####....     4%          3    None
 Iskenderun's Mystic Bla  Conj/Tloc      #####...     6%          4    None
 Conjure Flame            Conj/Fire      ###.....     9%          3    None
 Ignite Poison            Fire/Tmut/Pois ###.....     9%          3    None
 Spider Form              Tmut/Pois      ###.......   9%          3    None
 Cause Fear               Hex            #####.....   9%          4    None
 Silence                  Hex/Air        #####.....   10%         5    ##.....
 Hailstorm                Conj/Ice       ####....     13%         4    None
 Ice Form                 Ice/Tmut       ####....     13%         4    None
 Fulminant Prism          Conj/Hex       ####......   16%         4    None
 Leda's Liquefaction      Hex/Erth       ####......   16%         4    None
 Lightning Bolt           Conj/Air       #####.....   17%         5    ##.....
 Metabolic Englaciation   Hex/Ice        #####.....   19%         5    ##.....
 Dispersal                Tloc           ######....   21%         6    ####...
 Malign Gateway           Summ/Tloc      ######....   21%         7    ######.
 Dispel Undead            Necr           ###.....     26%         4    None
 Olgreb's Toxic Radiance  Pois           ###.....     30%         4    None
 Summon Horrible Things   Summ           #######...   30%         8    #######
 Yara's Violent Unravell  Hex/Tmut       ####......   41%         5    ##.....
 Agony                    Necr           ###.....     58%         5    ##.....
 Excruciating Wounds      Chrm/Necr      ###.......   61%         5    ##.....
 Blade Hands              Tmut           ###.......   63%         5    ##.....
 Lee's Rapid Deconstruct  Erth           ###.......   63%         5    ##.....
 Ozocubu's Refrigeration  Ice            #####.....   65%         6    ####...
 Conjure Ball Lightning   Conj/Air       #####.....   67%         6    ####...
 Deflect Missiles         Chrm/Air       #####.....   67%         6    ####...
 Freezing Cloud           Conj/Ice/Air   #####.....   67%         6    ####...
 Haunt                    Necr/Summ      ######....   67%         7    ######.
 Simulacrum               Ice/Necr       ####......   88%         6    ####...
 Dragon's Call            Summ           #######...   99%         9    #######
 Orb of Destruction       Conj           ###.......   100%        7    ######.
 Disjunction              Tloc           ######....   100%        8    #######
 Necromutation            Tmut/Necr      ###.......   100%        8    #######
 Tornado                  Air            ######....   100%        9    #######


Dungeon Overview and Level Annotations

Branches:
Dungeon (15/15)            Temple (1/1) D:6            Lair (6/6) D:10
  Swamp (2/4) Lair:4       Spider (1/4) Lair:2        Slime (0/5) Lair:5
    Orc (2/2) D:9             Elf (0/3) Orc:2        Vaults (0/5) D:14
 Depths (0/5) D:15          IceCv (1/1)             Volcano (visited)

Altars:
Ashenzari
Cheibriados
Dithmenos
Elyvilon
Fedhas
Gozag
Hepliaklqana
Kikubaaqudgha
Makhleb
Nemelex Xobeh
Okawaru
Qazlal
Ru
Sif Muna
Trog
Vehumet
Wu Jian
Zin
The Shining One
Beogh
Jiyva

Shops:
D:4 =   D:7 !*[   Orc:2 }(**

Annotations:
Lair:5 1 runed translucent door


Innate Abilities, Weirdness & Mutations

You can breathe blasts of noxious fumes.
Your lurid green scales are hard. (AC +9)
You cannot fit into any form of body armour.
Your tail ends in a poisonous barb.
Your system is resistant to poisons. (rPois)
You are cold-blooded and may be slowed by cold attacks.


Message History

Aim: a five-headed hydra simulacrum (chance to defeat MR: 67%)
The five-headed hydra simulacrum is blasted!
Evoke which item? (* to show all) (? for menu, Esc to quit)
Aiming: Disintegrate
Press: ? - help, Shift-Dir - straight line, f/p - five-headed hydra simulacrum
Aim: a five-headed hydra simulacrum (heavily damaged, chance to defeat MR: 67%)
The five-headed hydra simulacrum struggles to resist.
Evoke which item? (* to show all) (? for menu, Esc to quit)
Aiming: Disintegrate
Press: ? - help, Shift-Dir - straight line, f/p - five-headed hydra simulacrum
Aim: a five-headed hydra simulacrum (heavily damaged, chance to defeat MR: 67%)
The five-headed hydra simulacrum is blasted!
The five-headed hydra simulacrum bites you but does no damage. x2
The five-headed hydra simulacrum closely misses you.
The five-headed hydra simulacrum bites you but does no damage.
The five-headed hydra simulacrum bites you!
* * * LOW HITPOINT WARNING * * *
The five-headed hydra simulacrum freezes you!!
You feel yourself slow down.
You die...

.... ...
... ..
###.###
##.....##
##.......##
#.....Z@..#
#.........#
#.........#
#.........#
#.........#
#####.#####
#.........#
#(........#
#.........#


You could see a five-headed hydra simulacrum.

Vanquished Creatures
  Kirke (Lair:4)
  Donald (Orc:2)
  A stone giant (D:13)
  A vault guard (D:14)
  4 catoblepae
  2 alligators (Swamp:1)
  A centaur warrior (D:15)
  A death yak (Lair:4)
  2 orc high priests (Orc:2)
  Sonja (Orc:2)
  An unseen horror (D:14)
  2 orc knights (Orc:2)
  An orc sorcerer (Orc:2)
  A manticore (Lair:6)
  2 cyclopes
  5 elephants
  A toenail golem (Volcano)
  A black mamba (Lair:6)
  5 ice statues (IceCv)
  5 spiny frogs
  A centaur skeleton (D:15)
  A yaktaur (D:13)
  A demonic crawler (Lair:2)
  2 komodo dragons
  An anaconda simulacrum (IceCv)
  A tengu conjurer (D:15)
  2 freezing wraiths
  2 hornets
  A troll (D:10)
  A slime creature (D:15)
  A dream sheep (D:9)
  3 hippogriffs
  6 blink frogs
  A wyvern (D:10)
  2 water elementals (D:13)
  4 wraiths
  17 yaks
  A hog (Lair:4)
  A hungry ghost (D:13)
  A basilisk (D:10)
  An acid dragon (D:13)
  2 water moccasins
  An iron troll simulacrum (IceCv)
  2 wargs
  A hydra simulacrum (IceCv)
  3 porcupines
  A sky beast (D:14)
  4 ice beasts
  2 eyes of draining (shapeshifter) (D:15)
  8 orc warriors
  4 phantoms
  2 centaurs
  8 ogres
  4 boggarts
  2 wolves
  6 crocodiles
  2 big kobolds (D:3)
  9 bullfrogs
  2 earth elementals (Volcano)
  A wyvern zombie (D:13)
  2 scorpions
  4 killer bees
  3 wights (D:13)
  2 electric eels
  3 crimson imps
  A centaur zombie (D:5)
  14 orc wizards
  A jelly (D:10)
  14 orc priests
  A bullfrog skeleton (D:6)
  2 hounds
  2 iguanas
  Jessica (D:3)
  Natasha (twice) (D:4)
  4 worker ants
  A worker ant zombie (D:7)
  10 gnolls
  5 adders
  A shadow imp (D:10)
  An ooze (D:3)
  2 adder zombies
  An adder skeleton (D:9)
  3 dart slugs (D:1)
  36 orcs
  A ball python (D:5)
  9 giant cockroaches
  4 goblins
  3 hobgoblins
  7 jackals
  21 kobolds
  3 quokkas
  8 bats
  5 frilled lizards
  A jackal zombie (D:5)
  2 leopard gecko zombies (D:7)
  A quokka skeleton (D:6)
  3 rats
  A fungus (Lair:5)
  5 plants (Lair:6)
344 creatures vanquished.

Vanquished Creatures (collateral kills)
  Rupert (D:15)
  Frances (Swamp:2)
  A sphinx (shapeshifter) (D:15)
  Gastronok (D:10)
  An orc warlord (Orc:1)
  A very ugly thing (IceCv)
  Nessos (D:15)
  The ghost of emiel the Cleaver, a journeyman FoFi of Okawaru (Lair:1)
  Josephine (D:12)
  Harold (Orc:1)
  Erica (D:9)
  5 centaur warriors
  16 hydras
  2 catoblepae
  A ghost crab (Swamp:1)
  2 two-headed ogres (D:8)
  5 alligators
  11 death yaks
  A death knight (D:15)
  2 orc high priests (Orc:2)
  3 tengu warriors (D:15)
  Urug (Lair:2)
  Nergalle (Lair:4)
  A swamp dragon (Swamp:1)
  2 lindwurms (Volcano)
  3 orc knights
  A deep elf mage (D:15)
  7 orc sorcerers
  A mana viper (shapeshifter) (D:15)
  3 oklob plants
  4 ugly things (D:15)
  8 elephants
  A moth of wrath (shapeshifter) (D:15)
  A cyclops (D:13)
  4 manticores
  6 black mambas
  3 molten gargoyles (Volcano)
  A centaur skeleton (D:15)
  A water nymph (shapeshifter) (D:13)
  2 spiny frogs
  5 komodo dragons
  A rime drake (Lair:5)
  Maggie (D:7)
  2 yaktaurs (D:13)
  An efreet (Volcano)
  A queen bee (D:12)
  7 trolls
  5 tyrant leeches
  Prince Ribbit (D:9)
  Grinder (D:3)
  A dream sheep (D:9)
  3 slime creatures (D:15)
  11 blink frogs
  A harpy skeleton (D:15)
  9 hippogriffs
  2 bog bodies (Swamp:1)
  A hippogriff (shapeshifter) (D:11)
  A wyvern (Lair:6)
  2 shadows
  3 wraiths
  2 humans (D:8)
  41 yaks
  A basilisk (Lair:2)
  2 hogs (Lair:4)
  A human (shapeshifter) (D:13)
  4 hungry ghosts
  3 fire elementals (Volcano)
  A vampire mosquito (D:15)
  3 wargs
  3 swamp worms
  2 harpy simulacra (IceCv)
  2 acid dragons
  A hydra simulacrum (IceCv)
  2 swamp drakes (Swamp:1)
  4 water moccasins
  7 porcupines
  2 floating eyes (D:15)
  21 orc warriors
  A sky beast (D:10)
  2 black bears
  2 hornet zombies
  5 ice beasts
  An eye of draining (D:13)
  8 ogres
  A wolf (shapeshifter) (D:10)
  4 wolves
  3 boggarts
  8 centaurs
  A centaur (shapeshifter) (D:15)
  9 big kobolds
  8 crocodiles
  9 bullfrogs
  A gnoll sergeant (D:8)
  2 scorpions
  10 killer bees
  4 electric eels
  9 wights
  A howler monkey (D:3)
  A crimson imp (D:7)
  3 centaur zombies
  A quasit (D:13)
  A bullfrog zombie (D:8)
  A jelly (D:6)
  Crazy Yiuf (D:4)
  4 hounds
  3 bullfrog skeletons
  13 orc priests
  11 orc wizards
  2 iguanas
  4 worker ants
  3 hound skeletons
  7 adders
  11 gnolls
  A howler monkey skeleton (D:11)
  A shadow imp (D:10)
  An ooze (D:1)
  An adder skeleton (D:8)
  7 worms
  A dart slug (D:2)
  2 leopard geckos
  37 orcs
  4 giant cockroaches
  3 goblins
  7 hobgoblins
  A jackal (D:2)
  2 quokkas
  A bat (D:3)
  A jackal zombie (D:6)
  32 kobolds
  5 rats
  4 fungi
  3 plants (Lair:6)
540 creatures vanquished.

Vanquished Creatures (others)
  2 humans (Lair:4)
  An orc wizard (Orc:2)
  An iguana (Lair:4)
  A fire vortex (Volcano)
  7 fungi
  12 plants
24 creatures vanquished.

Grand Total: 908 creatures vanquished

Notes
Turn   | Place    | Note
-------+----------+-------------------------------------------
     0 | D:1      | mopl the Draconian Summoner began the quest for the Orb.
     0 | D:1      | Reached XP level 1. HP: 14/14 MP: 3/3
   294 | D:1      | Reached XP level 2. HP: 16/20 MP: 3/5
   313 | D:1      | Learned a level 2 spell: Call Imp
   897 | D:1      | Reached XP level 3. HP: 15/26 MP: 5/7
  1091 | D:1      | Learned a level 3 spell: Call Canine Familiar
  1527 | D:2      | Found a shadowy altar of Dithmenos.
  1577 | D:2      | Reached skill level 3 in Spellcasting
  1629 | D:2      | Found a sparkling altar of Nemelex Xobeh.
  1629 | D:2      | Found an opulent altar of Gozag.
  1946 | D:3      | Reached XP level 4. HP: 20/33 MP: 8/8
  2065 | D:3      | Reached skill level 5 in Summonings
  2120 | D:3      | Noticed a big kobold
  2144 | D:3      | Killed a big kobold
  2161 | D:3      | Reached XP level 5. HP: 17/38 MP: 1/10
  2310 | D:3      | Reached skill level 4 in Spellcasting
  2569 | D:3      | Noticed Jessica
  2575 | D:3      | Killed Jessica
  2575 | D:3      | Reached XP level 6. HP: 45/45 MP: 8/12
  2812 | D:3      | Noticed Grinder
  2812 | D:3      | Paralysed by Grinder for 6 turns
  2847 | D:3      | Reached skill level 6 in Summonings
  2933 | D:3      | Paralysed by Grinder for 2 turns
  2944 | D:3      | HP: 2/45 [Grinder/nerve-wracking pain (13)]
  2973 | D:3      | Killed Grinder
  2973 | D:3      | Reached skill level 5 in Spellcasting
  3304 | D:3      | Your scales start taking on a lurid green colour.
  3304 | D:3      | Reached XP level 7. HP: 50/50 MP: 11/14
  3304 | D:3      | Gained mutation: Your system is resistant to poisons.
                  | (rPois) [Green Draconian growth]
  3635 | D:4      | Reached skill level 7 in Summonings
  3775 | D:4      | Learned a level 3 spell: Summon Guardian Golem
  3780 | D:4      | Learned a level 4 spell: Summon Ice Beast
  3783 | D:4      | Learned a level 2 spell: Blink
  4044 | D:4      | Found a runed translucent door.
  4045 | D:4      | Noticed Crazy Yiuf
  4247 | D:4      | Noticed Natasha
  4264 | D:4      | Killed Natasha
  4264 | D:4      | Reached skill level 6 in Spellcasting
  4319 | D:4      | Found Zolas's Jewellery Boutique.
  4324 | D:4      | Bought a cursed ring of attention for 63 gold pieces
  4324 | D:4      | Bought a cursed amulet of inaccuracy for 28 gold pieces
  4677 | D:4      | Noticed Natasha
  4691 | D:4      | Killed Natasha
  4691 | D:4      | Reached skill level 1 in Ice Magic
  4691 | D:4      | Reached XP level 8. HP: 49/57 MP: 14/17
  4697 | D:4      | Learned a level 4 spell: Summon Lightning Spire
  4751 | D:4      | Killed Crazy Yiuf
  4751 | D:4      | Reached skill level 1 in Translocations
  4818 | D:5      | Entered Level 5 of the Dungeon
  4826 | D:5      | Reached skill level 1 in Hexes
  5034 | D:5      | Reached skill level 1 in Air Magic
  5066 | D:5      | Found a shattered altar of Ashenzari.
  5235 | D:5      | Found a white marble altar of Elyvilon.
  5860 | D:5      | Reached skill level 8 in Summonings
  5860 | D:5      | Reached skill level 2 in Ice Magic
  5883 | D:5      | Reached skill level 2 in Translocations
  5964 | D:6      | Found a blossoming altar of Fedhas.
  6046 | D:6      | Reached skill level 2 in Hexes
  6074 | D:6      | Found a staircase to the Ecumenical Temple.
  6082 | Temple   | Entered the Ecumenical Temple
  6096 | Temple   | Became a worshipper of Sif Muna the Loreminder
  6268 | D:6      | Reached skill level 2 in Air Magic
  6357 | D:6      | Found a snail-covered altar of Cheibriados.
  6720 | D:7      | Noticed Maggie
  6729 | D:7      | Reached XP level 9. HP: 62/62 MP: 19/19
  6745 | D:7      | Killed Maggie
  6745 | D:7      | Reached skill level 7 in Spellcasting
  6745 | D:7      | Reached skill level 1 in Invocations
  6772 | D:7      | Found Egoxt's General Store.
  6777 | D:7      | Bought a scroll of fog for 24 gold pieces
  6777 | D:7      | Bought a scroll of fog for 24 gold pieces
  6803 | D:6      | Found a snail-covered altar of Cheibriados.
  6940 | D:7      | Found Ihuirch's Armour Emporium.
  7055 | D:7      | Found a radiant altar of Vehumet.
  7124 | D:7      | Reached * piety under Sif Muna
  7157 | D:7      | Found Uhiyweno's Distillery.
  7687 | D:8      | Noticed a four-headed hydra
  7841 | D:8      | Noticed a two-headed ogre
  7848 | D:8      | Killed a two-headed ogre
  7848 | D:8      | Reached skill level 3 in Ice Magic
  8046 | D:8      | Reached skill level 2 in Invocations
  8078 | D:8      | Found an iron altar of Okawaru.
  8100 | D:8      | Reached skill level 3 in Translocations
  8100 | D:8      | Reached skill level 3 in Air Magic
  8109 | D:8      | Killed a four-headed hydra
  8109 | D:8      | Reached skill level 3 in Hexes
  8109 | D:8      | Reached skill level 9 in Summonings
  8338 | D:8      | Reached ** piety under Sif Muna
  8353 | D:8      | Noticed a two-headed ogre
  8366 | D:8      | Killed a two-headed ogre
  8366 | D:8      | Reached skill level 8 in Spellcasting
  8366 | D:8      | Reached skill level 3 in Invocations
  8366 | D:8      | Reached XP level 10. HP: 69/69 MP: 8/22
  8429 | D:8      | Reached skill level 4 in Ice Magic
  8780 | D:8      | Found an ancient bone altar of Kikubaaqudgha.
  8800 | D:8      | Noticed a moth of wrath
  8807 | D:8      | Found a bloodstained altar of Trog.
  8844 | D:8      | Reached skill level 1 in Shields
  8944 | D:9      | Reached skill level 4 in Air Magic
  8972 | D:9      | You fall into a shaft and drop 2 floors!
  9005 | D:10     | Entered Level 10 of the Dungeon
  9122 | D:9      | Noticed Prince Ribbit
  9136 | D:9      | Killed Prince Ribbit
  9174 | D:9      | Reached *** piety under Sif Muna
  9300 | D:9      | Found a burning altar of Makhleb.
  9332 | D:9      | Reached skill level 2 in Shields
  9340 | D:9      | Reached skill level 4 in Invocations
  9429 | D:9      | Reached skill level 10 in Summonings
  9444 | D:9      | Found an ornate altar of the Wu Jian Council.
  9578 | D:9      | Noticed a two-headed hydra
  9588 | D:9      | Killed a two-headed hydra
  9588 | D:9      | Reached skill level 9 in Spellcasting
  9597 | D:9      | Got a smoking halberd
  9603 | D:9      | Identified the +8 halberd "Orb Guardian's Regret" {speed,
                  | *Noise +Rage Int+3} (You found it on level 9 of the
                  | Dungeon)
  9677 | D:9      | Found a staircase to the Orcish Mines.
  9853 | D:9      | Reached skill level 3 in Shields
  9967 | Orc:1    | Entered Level 1 of the Orcish Mines
  9967 | Orc:1    | Noticed Harold
  9967 | Orc:1    | Noticed Erica
 10053 | D:10     | Noticed Gastronok
 10067 | D:10     | Killed Gastronok
 10067 | D:10     | Reached skill level 5 in Invocations
 10067 | D:10     | Reached XP level 11. HP: 74/74 MP: 19/24
 10372 | D:10     | Reached **** piety under Sif Muna
 10571 | D:10     | Reached skill level 4 in Shields
 10591 | D:10     | Reached skill level 11 in Summonings
 10656 | D:10     | Found a staircase to the Lair.
 10873 | D:11     | Noticed a centaur warrior
 10884 | D:11     | Killed a centaur warrior
 11040 | D:11     | Noticed a death drake
 11583 | D:9      | Killed Erica
 11583 | D:9      | Reached skill level 10 in Spellcasting
 11644 | Orc:1    | Killed Harold
 11644 | Orc:1    | Reached skill level 6 in Invocations
 11711 | Orc:1    | Noticed an orc warlord
 11723 | Orc:1    | Killed an orc sorcerer
 11726 | Orc:1    | Killed an orc sorcerer
 11734 | Orc:1    | Killed an orc warlord
 11734 | Orc:1    | Noticed an orc sorcerer
 11738 | Orc:1    | Killed an orc sorcerer
 11898 | D:7      | Bought a potion of experience for 600 gold pieces
 11898 | D:7      | Reached skill level 13 in Summonings
 11898 | D:7      | Reached XP level 12. HP: 81/81 MP: 26/26
 12006 | Lair:1   | Entered Level 1 of the Lair of Beasts
 12137 | Orc:1    | Found a roughly hewn altar of Beogh.
 12328 | D:7      | Bought a potion of heal wounds for 55 gold pieces
 12328 | D:7      | Bought a potion of ambrosia for 88 gold pieces
 12402 | Orc:2    | Entered Level 2 of the Orcish Mines
 12410 | Orc:1    | Reached skill level 14 in Summonings
 12441 | Orc:2    | Reached skill level 2 in Dodging
 12451 | Orc:2    | Reached skill level 1 in Fighting
 12462 | Orc:2    | Noticed Sonja
 12473 | Orc:1    | Reached skill level 7 in Invocations
 12539 | Orc:2    | Found a dark tunnel.
 12544 | Volcano  | Entered a volcano
 12619 | Volcano  | Reached ***** piety under Sif Muna
 12723 | Volcano  | Reached skill level 2 in Fighting
 12769 | Volcano  | Identified Hiapsano's Handbook of Ashen Slavery (Sif Muna
                  | gifted it to you in a volcano)
 12769 | Volcano  | Received a gift from Sif Muna
 12977 | Orc:2    | Killed Sonja
 12991 | Orc:2    | Found a staircase to the Elven Halls.
 12994 | Orc:2    | Reached skill level 3 in Dodging
 12997 | Orc:2    | Reached XP level 13. HP: 93/93 MP: 27/27
 13284 | Orc:2    | Noticed Donald
 13307 | Orc:2    | Killed Donald
 13307 | Orc:2    | Reached skill level 3 in Fighting
 13952 | Orc:2    | Found Veqol's General Store.
 13975 | Orc:2    | Reached skill level 4 in Translocations
 14195 | Orc:2    | Reached skill level 8 in Invocations
 14202 | Orc:2    | Reached skill level 4 in Fighting
 14267 | Orc:2    | Found Ycipliam's Gadget Boutique.
 14294 | Orc:2    | Found Efrenigi's Antique Weapon Boutique.
 14300 | Orc:2    | Bought a scroll of identify for 28 gold pieces
 14304 | Orc:2    | Found Rexef's Assorted Antiques.
 14656 | Lair:1   | Learned a level 4 spell: Airstrike
 14717 | Lair:1   | Reached skill level 4 in Dodging
 14750 | Lair:1   | Received a gift from Sif Muna
 14784 | Lair:1   | Found a runed translucent door.
 14784 | Lair:1   | Noticed emiel's ghost (journeyman FoFi)
 15647 | Lair:2   | Noticed Urug
 15656 | Lair:2   | Killed Urug
 15715 | Lair:2   | Found a hole to the Spider Nest.
 16348 | Lair:3   | Reached skill level 5 in Fighting
 16370 | Lair:3   | Reached skill level 5 in Air Magic
 16409 | Lair:3   | Reached skill level 5 in Translocations
 17277 | Lair:3   | Upgraded the game from 0.25-a0-635-g0c6c292ef3 to
                  | 0.25-a0-661-g55ea3d2053
 17384 | Lair:4   | Noticed Kirke
 17394 | Lair:4   | Received a gift from Sif Muna
 17398 | Lair:4   | Killed Kirke
 17398 | Lair:4   | Reached skill level 5 in Dodging
 17473 | Lair:4   | Noticed Nergalle
 17514 | Lair:4   | Killed Nergalle
 17534 | Lair:4   | Found a staircase to the Swamp.
 17603 | Lair:4   | Gained mutation: Your tail ends in a poisonous barb. [Green
                  | Draconian growth]
 17603 | Lair:4   | Reached XP level 14. HP: 108/108 MP: 26/28
 17608 | Lair:4   | Reached skill level 9 in Invocations
 17673 | Lair:4   | Got an iridescent war axe
 17674 | Lair:4   | Identified the +4 war axe "Tiafo" {vorpal, Str+4} (You
                  | found it on level 4 of the Lair of Beasts)
 17927 | Lair:4   | Reached skill level 6 in Fighting
 18336 | Lair:5   | Reached skill level 11 in Spellcasting
 18571 | Lair:5   | Reached skill level 6 in Translocations
 18623 | Lair:5   | Found a runed translucent door.
 18623 | Lair:5   | Found a viscous altar of Jiyva.
 18623 | Lair:5   | Found a staircase to the Slime Pits.
 18623 | Lair:5   | Noticed an azure jelly
 18623 | Lair:5   | Noticed an azure jelly
 19073 | Lair:6   | Entered Level 6 of the Lair of Beasts
 19073 | Lair:6   | Found an ancient bone altar of Kikubaaqudgha.
 19170 | Lair:6   | Reached skill level 6 in Air Magic
 19605 | Lair:6   | Got a crystal lajatang
 19612 | Lair:6   | Identified the +9 lajatang of Woe {vorpal, +Blink rElec
                  | Int+2} (You found it on level 6 of the Lair of Beasts)
 19916 | Lair:6   | Identified Sif Muna's Volume of Harmful Creation (Sif Muna
                  | gifted it to you on level 6 of the Lair of Beasts)
 19916 | Lair:6   | Received a gift from Sif Muna
 20001 | Lair:5   | Learned a level 7 spell: Monstrous Menagerie
 20141 | Lair:6   | Reached skill level 15 in Summonings
 20344 | Lair:6   | Reached skill level 6 in Dodging
 21011 | D:12     | Noticed Josephine
 21036 | D:12     | Killed Josephine
 21134 | D:12     | Found a glowing golden altar of the Shining One.
 21212 | D:12     | Got a pitted brass ring
 21214 | D:12     | Identified the ring of Sairywyf {+Fly rPois Int+4} (You
                  | found it on level 12 of the Dungeon)
 21894 | D:13     | Reached skill level 7 in Fighting
 21931 | D:13     | Noticed a stone giant
 21932 | D:13     | Identified Sif Muna's Compendium of the Traveller and Shape
                  | Shifting (Sif Muna gifted it to you on level 13 of the
                  | Dungeon)
 21932 | D:13     | Received a gift from Sif Muna
 21962 | D:13     | Killed a stone giant
 23081 | D:14     | Learned a level 7 spell: Summon Hydra
 23096 | D:14     | Found a snail-covered altar of Cheibriados.
 23141 | D:14     | Found a shadowy altar of Dithmenos.
 23940 | D:14     | Reached skill level 10 in Invocations
 23996 | D:14     | Found a gate to the Vaults.
 24174 | D:15     | Entered Level 15 of the Dungeon
 24178 | D:15     | Noticed Nessos
 24197 | D:15     | Killed Nessos
 24202 | D:15     | Identified Atyx Bifere's Tome of Moulding and Translocation
                  | (Sif Muna gifted it to you on level 15 of the Dungeon)
 24202 | D:15     | Received a gift from Sif Muna
 24207 | D:15     | Reached skill level 7 in Translocations
 24207 | D:15     | Reached XP level 15. HP: 53/118 MP: 19/30
 24377 | D:15     | Reached skill level 7 in Air Magic
 24454 | D:15     | Noticed Rupert
 24477 | D:15     | Killed Rupert
 24607 | D:15     | Got a slimy morningstar
 24608 | D:15     | Identified the +7 morningstar of Sasajokh {pain, rC+ Str+3
                  | Int+2} (You found it on level 15 of the Dungeon)
 24783 | D:15     | Paralysed by a floating eye for 2 turns
 25080 | D:15     | Paralysed by a hornet for 1 turns
 25295 | D:15     | Noticed a frost giant
 25298 | D:15     | a frost giant changed into a stone giant
 25308 | D:15     | Noticed a fire giant
 25308 | D:15     | an iron troll changed into a fire giant
 25309 | D:15     | Noticed a sphinx
 25309 | D:15     | a fire giant changed into a sphinx
 25312 | D:15     | Killed a sphinx
 25520 | D:15     | Found a staircase to the Depths.
 25807 | D:15     | Reached skill level 12 in Spellcasting
 26374 | Lair:1   | Upgraded the game from 0.25-a0-661-g55ea3d2053 to
                  | 0.25-a0-663-gace7076f2c
 26407 | Lair:1   | Killed emiel's ghost
 26506 | Spider:1 | Entered Level 1 of the Spider Nest
 26589 | Swamp:1  | Entered Level 1 of the Swamp
 27233 | Swamp:1  | Reached skill level 8 in Fighting
 27388 | Swamp:2  | Noticed Frances
 27395 | Swamp:2  | Killed Frances
 27448 | Swamp:2  | Found a frozen archway.
 27457 | IceCv    | Entered an ice cave
 27505 | IceCv    | Reached skill level 7 in Dodging
 27581 | IceCv    | Learned a level 2 spell: Sublimation of Blood
 28236 | IceCv    | HP: 2/121 [harpy simulacrum (13)]
 28255 | IceCv    | Demolished by a five-headed hydra simulacrum

Levels and vault maps discovered:
D:1:      saegor_arrival_simple_a, layout_loops_corners
D:2:      layout_basic, grunt_temple_overflow_opulence,
          overflow_temple_1_default
D:3:      minmay_goblin_kobold_castle, layout_loops_ring, uniq_grinder,
          uniq_jessica
D:4:      layout_basic, serial_shops, kennysheep_little_box, first_ration,
          uniq_crazy_yiuf_cottage, uniq_natasha
D:5:      layout_loops_ring, nicolae_ashenzari_panopticon, kennysheep_mini
D:6:      lemuel_upstairs_altar, layout_rooms, lemuel_round_altar,
          minmay_temple_entry_waves, fedhas_ov_isle_minmay
D:7:      layout_layer_cave, old_standard_altar, serial_shops,
          nicolae_shop_behind_doors, nicolae_shop_waterfront,
          nicolae_shop_behind_doors, glass_columns_a, uniq_maggie
D:8:      layout_cave_pools, tgw_trog, marbit_many_paths, okawaru_humans
D:9:      layout_roguey, lemuel_round_altar, makhleb_heckhound_becter,
          orc_0_dummy, hangedman_ranch [blue_anna_fruit_fields],
          uniq_prince_ribbit1
D:10:     layout_roguey, erik_lair_dragon, uniq_gastronok
D:11:     layout_roguey
D:12:     layout_irregular_city, basic_altar, hive_lemuel, uniq_josephine
D:13:     minmay_outward_triangles, layout_basic, item_on_display_a
D:14:     layout_long_grid, david_vaults_5, basic_altar,
          nicolae_dithmenos_the_darkroom
D:15:     gammafunk_enter_depths_forms, layout_basic, onia_ninara_cookie,
          uniq_rupert, uniq_nessos
Temple:   eino_wide_crystal_templ
Lair:1:   layout_regular_city, gammafunk_ghost_grave, small_statue_intersection,
          nicolae_quartered_pool_super
Lair:2:   layout_loops_ring, dummy_spider_entry, grunt_megastairs_3,
          minmay_lair_oklob_chamber, uniq_urug
Lair:3:   layout_regular_city, grunt_megastairs_2
Lair:4:   layout_long_grid, minmay_swamp_entry_reptiles, uniq_nergalle,
          uniq_kirke
Lair:5:   layout_loops_ring, slime_altar_2, serial_bayou_shore_b,
          grunt_megastairs_1, serial_bayou_shore_a
Lair:6:   evilmike_catoblepas_cave, layout_gridlike, basic_altar,
          wad_woods_river_01
Swamp:1:  layout_basic_swamp, evilmike_swamp_ruin_house_6, swamp_pool1,
          infiniplex_staircase_pool
Swamp:2:  layout_basic_swamp, portal_ice_cave_entry_pillars_four,
          evilmike_swamp_ruin_wall, uniq_frances, uniq_aizul
Spider:1: nicolae_spider_corner
Orc:1:    layout_diamond_mine, basic_altar, uniq_harold, uniq_erica
Orc:2:    st_orc_elflike, layout_diamond_mine, nicolae_volcano_entry_s_turn,
          uniq_sonja, uniq_donald
IceCv:    ice_cave_statue_garden_chambered

Skill      XL: |  1  2  3  4  5  6  7  8  9 10 11 12 13 14 15 |
---------------+----------------------------------------------+-----
Spellcasting   | 3 4 5 6 8 9 10 11 12 | 12.2
Summonings     | 5 6 7 8 9 10 13 14 15 | 15.8
Ice Magic      | 1 2 3 4 |  4.0
Translocations | 2 3 5 7 |  7.5
Hexes          | 2 3 |  3.0
Air Magic      | 2 3 4 5 6 7 |  7.5
Invocations    | 3 5 6 7 8 10 | 10.5
Shields        | 3 4 |  4.0
Dodging        | 3 5 6 7 |  7.0
Fighting       | 2 5 7 8 |  8.1
Stealth        | |  1.7
Necromancy     | |  0.3

Action                   |  1- 3 |  4- 6 |  7- 9 | 10-12 | 13-15 || total
-------------------------+-------+-------+-------+-------+-------++-------
Melee: Unarmed           |    32 |       |       |       |       ||    32
       Tailslap          |    17 |    17 |    51 |    40 |    92 ||   217
       Dagger            |   158 |   215 |   167 |   113 |       ||   653
       Spear             |       |    12 |   316 |    63 |       ||   391
       Halberd           |       |       |       |   214 |  1064 ||  1278
Throw: Dart              |       |       |     1 |       |     2 ||     3
 Cast: Summon Small Mamm |    15 |       |       |       |       ||    15
       Call Imp          |     2 |    20 |    11 |       |     1 ||    34
       Call Canine Famil |     6 |     9 |    33 |    24 |    57 ||   129
       Summon Ice Beast  |       |       |    19 |    67 |   168 ||   254
       Summon Lightning  |       |       |     3 |    26 |    76 ||   105
       Summon Guardian G |       |       |       |    12 |    13 ||    25
       Blink             |       |       |       |     2 |    17 ||    19
       Airstrike         |       |       |       |       |    55 ||    55
       Monstrous Menager |       |       |       |       |    48 ||    48
       Summon Hydra      |       |       |       |       |    29 ||    29
       Sublimation of Bl |       |       |       |       |    22 ||    22
 Abil: Breathe Noxious F |       |       |    20 |     4 |    22 ||    46
Evoke: Wand              |       |       |       |     1 |    17 ||    18
  Use: Scroll            |     3 |     3 |     1 |     8 |    24 ||    39
       Potion            |       |       |     1 |     2 |       ||     3
 Stab: Sleeping          |     3 |     2 |     7 |     6 |     1 ||    19
       Distracted        |     1 |       |     2 |     4 |    19 ||    26
       Confused          |       |       |    11 |     1 |     9 ||    21
       Petrified         |       |       |       |       |     2 ||     2
       Paralysed         |       |       |       |       |     6 ||     6
  Eat: Chunk             |     4 |     6 |    18 |    19 |    66 ||   113
       Ration            |       |     1 |     1 |     1 |     8 ||    11
Armor: Skin              |    51 |    64 |   138 |    98 |   278 ||   629
Dodge: Dodged            |   122 |   174 |   275 |   171 |   547 ||  1289
Block: Buckler           |       |       |       |     9 |       ||     9

Table legend:
 A = Non-vault XP
 B = Vault XP
 C = Vault XP percentage of total XP
 D = Non-vault monster count
 E = Vault monster count
 F = Vault count percentage of total count
                 A         B        C        D         E       F
            +---------+---------+-------+---------+---------+-------
      Total |   65154 |   50710 |  43.8 |     608 |     265 |  30.4
            +---------+---------+-------+---------+---------+-------
        D:1 |      42 |       0 |   0.0 |      20 |       0 |   0.0
        D:2 |      52 |      13 |  20.0 |      26 |       1 |   3.7
        D:3 |      86 |     670 |  88.6 |      22 |      55 |  71.4
        D:4 |     546 |      64 |  10.5 |      26 |       2 |   7.1
        D:5 |     801 |       0 |   0.0 |      28 |       0 |   0.0
        D:6 |     417 |       0 |   0.0 |      13 |       0 |   0.0
        D:7 |     507 |     219 |  30.2 |      25 |       1 |   3.8
        D:8 |    2544 |     292 |  10.3 |      34 |       8 |  19.0
        D:9 |    2075 |    2002 |  49.1 |      37 |      11 |  22.9
       D:10 |    2677 |    1787 |  40.0 |      34 |       6 |  15.0
       D:11 |    1128 |       0 |   0.0 |      16 |       0 |   0.0
       D:12 |    1218 |    1587 |  56.6 |      17 |      19 |  52.8
       D:13 |    3266 |    2507 |  43.4 |      41 |       8 |  16.3
       D:14 |    4395 |    1348 |  23.5 |      28 |       5 |  15.2
       D:15 |    4320 |   12231 |  73.9 |      13 |      40 |  75.5
     Lair:1 |    2436 |     559 |  18.7 |      14 |       1 |   6.7
     Lair:2 |    3098 |    1957 |  38.7 |      16 |      10 |  38.5
     Lair:3 |    7864 |     143 |   1.8 |      32 |       1 |   3.0
     Lair:4 |    4368 |    2477 |  36.2 |      17 |       9 |  34.6
     Lair:5 |    3087 |     634 |  17.0 |      21 |       3 |  12.5
     Lair:6 |    6477 |    7657 |  54.2 |      25 |      27 |  51.9
    Swamp:1 |    6650 |       0 |   0.0 |      21 |       0 |   0.0
    Swamp:2 |     663 |    1248 |  65.3 |       3 |       1 |  25.0
      Orc:1 |    2830 |     501 |  15.0 |      21 |       1 |   4.5
      Orc:2 |    3607 |    6270 |  63.5 |      58 |      26 |  31.0
      IceCv |       0 |    4098 | 100.0 |       0 |      18 | 100.0
    Volcano |       0 |    2446 | 100.0 |       0 |      12 | 100.0
            +---------+---------+-------+---------+---------+-------
